 Dungeon Crawl Stone Soup version 0.29.0-11-gd7f09526c8 (webtiles) character file.

Game seed: 11397743833662431044

2614 MisterFreud the Basher (level 9, -6/55 HPs)
             Began as a Gargoyle Fighter on Sept 3, 2022.
             Was a Priest of Okawaru.
             Mangled by a two-headed ogre
             ... wielding a +0 giant club
              (22 damage)
             ... on level 7 of the Dungeon.
             The game lasted 00:14:13 (8867 turns).

MisterFreud the Basher (Gargoyle Fighter)           Turns: 8867, Time: 00:14:14

Health: -6/55      AC: 17    Str: 24    XL:     9   Next: 60%
Magic:  13/13      EV:  9    Int:  9    God:    Okawaru [***...]
Gold:   1084       SH:  5    Dex:  9    Spells: 8/8 levels left

rFire   + . .      SeeInvis .   o - +2 whip (venom)
rCold   + . .      Faith    .   c - +1 buckler
rNeg    + . .      Spirit   .   b - +0 scale mail
rPois   ∞          Reflect  .   (no helmet)
rElec   +          Harm     .   (no cloak)
rCorr   .          Rampage  .   (no gloves)
Will    .....                   y - +2 pair of boots {Fly}
Stlth   ..........              q - amulet of regeneration
HPRegen 0.98/turn               j - ring of protection from fire
MPRegen 0.13/turn               u - ring of protection from cold

@: flying
A: sickness immunity, AC +6, negative energy resistance 1, electricity
resistance, torment resistance 1, petrification resistance
a: Renounce Religion, Heroism


You were on level 7 of the Dungeon.
You worshipped Okawaru.
Okawaru was most pleased with you.
You visited 1 branch of the dungeon, and saw 7 of its levels.
You also visited: Bailey.

You collected 1084 gold pieces.

Inventory:

Hand Weapons
 a - a +1 flail of protection
 o - a +2 whip of venom (weapon)
 B - the +7 trident "Hydraslayer" {holy, rElec Will- MP+9}
   (You found it on level 4 of the Dungeon)

   It has been blessed by the Shining One to cause great damage to the undead
   and demons.
   rElec:     It insulates you from electricity.
   MP:        It affects your magic capacity (+9).
   Will:      It decreases your willpower.
Missiles
 m - 20 boomerangs (quivered)
 A - 2 poisoned darts
Armour
 b - a +0 scale mail (worn)
 c - a +1 buckler (worn)
 h - a +2 pair of boots of stealth
 y - a +2 pair of boots of flying (worn)
Jewellery
 j - a ring of protection from fire (left hand)
 q - an amulet of regeneration (around neck)
 u - a ring of protection from cold (right hand)
 w - a ring of fire
Wands
 x - a wand of iceblast (7)
Scrolls
 i - 5 scrolls of teleportation
 l - a scroll of silence
 n - 2 scrolls of brand weapon
 r - 4 scrolls of identify
 s - a scroll of amnesia
 v - a scroll of enchant weapon
Potions
 d - 2 potions of might
 e - 4 potions of curing
 f - 3 potions of heal wounds
 g - 3 potions of degeneration
 k - 3 potions of haste
 p - a potion of cancellation
 t - 3 potions of flight
 z - a potion of mutation {unknown}


   Skills:
 - Level 6.0 Fighting
 - Level 9.0 Maces & Flails
 + Level 2.4 Polearms
 - Level 6.0 Armour
 - Level 4.0 Shields
 - Level 6.0 Invocations


You had 8 spell levels left.
You didn't know any spells.
Your spell library contained the following spells:

 Spells                   Type           Power      Damage    Failure   Level
 Anguish                  Hex/Necr       0%         N/A       100%        4
 Enfeeble                 Hex            0%         N/A       100%        7
 Summon Small Mammal      Summ           Unusable   N/A       N/A         1
 Call Canine Familiar     Summ           Unusable   N/A       N/A         3
 Summon Guardian Golem    Hex/Summ       Unusable   N/A       N/A         3

Dungeon Overview and Level Annotations

Branches:
Dungeon (7/15)             Temple (0/1) D:5          Bailey (visited)

Altars:
Cheibriados
Gozag
Kikubaaqudgha
Nemelex Xobeh
Okawaru
Trog
Uskayaw
Wu Jian
Xom
Yredelemnul
The Shining One

Annotations:
D:5 3 runed translucent doors, diceflayer's ghost, novice DsFi
D:6 1 runed translucent door, p0werm0de's ghost, amateur GrCK


Innate Abilities, Weirdness & Mutations

You are immune to sickness and miasma.
Your stone body is resilient. (AC +6)
You are immune to poison.
You resist negative energy. (rN+)
You are resistant to electric shocks. (rElec)
You are resistant to unholy torment.
You are immune to petrification.


Message History

A two-headed ogre is nearby!
A two-headed ogre is nearby!
Throw: 20 boomerangs
Press: ? - help, Q - select action, (/) - cycle Shift-Dir - straight line, f - two-headed ogre
Aim: a two-headed ogre, wielding two +0 giant clubs (73% to hit)
You throw a boomerang.
The boomerang hits the two-headed ogre but does no damage.
Unknown command.
Unknown command.
Throw: 20 boomerangs
Press: ? - help, Q - select action, (/) - cycle Shift-Dir - straight line, f/p - two-headed ogre
Aim: a two-headed ogre, wielding two +0 giant clubs (73% to hit)
You throw a boomerang.
The boomerang barely misses the two-headed ogre.
The two-headed ogre hits you but does no damage.
The two-headed ogre hits you with a +0 giant club!
You whack the two-headed ogre!
The two-headed ogre is poisoned.
The two-headed ogre is lightly wounded.
You whack the two-headed ogre!
The two-headed ogre is moderately wounded.
The two-headed ogre hits you with a +0 giant club!!
You block the two-headed ogre's attack.
You hit the two-headed ogre.
The two-headed ogre looks as sick as possible!
The two-headed ogre is moderately wounded.
You hit the two-headed ogre.
The two-headed ogre is moderately wounded.
You whack the two-headed ogre!
The two-headed ogre looks as sick as possible!
The two-headed ogre is heavily wounded.
You block the two-headed ogre's attack.
The two-headed ogre hits you with a +0 giant club!!
* * * LOW HITPOINT WARNING * * *
You closely miss the two-headed ogre.
The two-headed ogre is heavily wounded.
You hit the two-headed ogre.
The two-headed ogre looks as sick as possible!
The two-headed ogre is severely wounded.
The two-headed ogre hits you with a +0 giant club!!
You die...

8.....8.# #.# #.# #..
........# #(# ###
........# #.#
...∩...8## ##.#
.........## ##.[#
).........####...####
###
8.....8.............+
+..
........######...####
### ...8....# ##.@#
###...###
#......O...# #...#
#..###.##..# #...# #.
#.##..# #+# ##..# #
..##..####.#######
..#
....^.............
...
.≈≈≈≈.._..≈≈≈≈..##
...................
...#.....#####


You could see a two-headed ogre (extremely poisoned).

Vanquished Creatures
  Pikel (D:6)
  Prince Ribbit (D:6)
  An ice beast (D:7)
  4 orc warriors (Bailey)
  A sky beast (D:6)
  An ogre (D:5)
  A phantom (D:5)
  A lemure (D:6)
  2 centaurs
  2 bullfrogs (D:7)
  A necrophage (D:5)
  3 scorpions
  A howler monkey (D:6)
  A jelly (D:3)
  3 hounds
  2 orc priests
  4 iguanas
  3 orc wizards
  Robin (D:4)
  8 gnolls
  9 adders
  A shadow imp (D:7)
  A white imp (D:7)
  An ufetubus (D:6)
  4 worms
  2 dart slugs
  30 orcs
  11 ball pythons
  3 bats
  8 endoplasms
  A giant cockroach (D:1)
  16 goblins
  11 hobgoblins
  4 jackals
  4 quokkas
  7 frilled lizards
  18 kobolds
  2 rats
175 creatures vanquished.

Notes
Turn   | Place    | Note
-------+----------+-------------------------------------------
     0 | D:1      | MisterFreud the Gargoyle Fighter began the quest for the
                  | Orb.
     0 | D:1      | Reached XP level 1. HP: 14/14 MP: 1/1
   331 | D:1      | Reached XP level 2. HP: 15/19 MP: 2/2
   487 | D:1      | Reached skill level 3 in Maces & Flails
  1024 | D:2      | Reached XP level 3. HP: 23/23 MP: 3/3
  1204 | D:1      | Reached skill level 4 in Maces & Flails
  1439 | D:1      | Reached XP level 4. HP: 11/28 MP: 4/4
  1855 | D:2      | Found a faded altar of an unknown god.
  2929 | D:3      | You fall into a shaft and drop 1 floor!
  2947 | D:4      | Reached skill level 5 in Maces & Flails
  2957 | D:4      | Reached XP level 5. HP: 32/32 MP: 5/5
  3064 | D:4      | Reached skill level 6 in Maces & Flails
  3212 | D:4      | Noticed Robin
  3220 | D:4      | Reached XP level 6. HP: 31/37 MP: 6/6
  3238 | D:4      | Killed Robin
  3952 | D:3      | Found a bloodstained altar of Trog.
  4006 | D:3      | Found a snail-covered altar of Cheibriados.
  4323 | D:4      | Reached skill level 7 in Maces & Flails
  4859 | D:4      | Found an ornate altar of the Wu Jian Council.
  5112 | D:5      | Entered Level 5 of the Dungeon
  5139 | D:5      | Reached XP level 7. HP: 41/41 MP: 7/7
  5233 | D:5      | Found a hide-covered altar of Uskayaw.
  5236 | D:5      | Found a basalt altar of Yredelemnul.
  5240 | D:5      | Found an ancient bone altar of Kikubaaqudgha.
  5424 | D:5      | Found an iron altar of Okawaru.
  5434 | D:5      | Became a worshipper of Warmaster Okawaru
  5465 | D:5      | Reached skill level 8 in Maces & Flails
  5574 | D:5      | Found a staircase to the Ecumenical Temple.
  5874 | D:5      | Noticed diceflayer's ghost (novice DsFi)
  5875 | D:5      | Found a runed translucent gate.
  5876 | D:5      | Found a runed translucent gate.
  5877 | D:5      | Found a runed translucent gate.
  6262 | D:5      | Found a sparkling altar of Nemelex Xobeh.
  6489 | D:6      | Reached skill level 9 in Maces & Flails
  6489 | D:6      | Reached XP level 8. HP: 46/46 MP: 8/8
  6667 | D:6      | Found an opulent altar of Gozag.
  6709 | D:6      | Noticed Prince Ribbit
  6725 | D:6      | Killed Prince Ribbit
  6725 | D:6      | Reached * piety under Okawaru
  6910 | D:6      | Noticed Pikel
  6930 | D:6      | Killed Pikel
  6930 | D:6      | Reached ** piety under Okawaru
  6931 | D:6      | Reached skill level 5 in Fighting
  6931 | D:6      | Reached skill level 5 in Armour
  7006 | D:6      | Reached skill level 1 in Invocations
  7006 | D:6      | Reached XP level 9. HP: 55/55 MP: 9/9
  7273 | D:6      | Found a runed translucent door.
  7273 | D:6      | Found a shimmering altar of Xom.
  7273 | D:6      | Noticed p0werm0de's ghost (amateur GrCK)
  7274 | D:6      | Noticed a +1 trident of chaos
  7714 | D:7      | Found a flagged portal.
  7754 | Bailey   | Entered a bailey
  7886 | Bailey   | Reached skill level 5 in Invocations
  7947 | Bailey   | Reached *** piety under Okawaru
  8357 | D:4      | Identified the +7 trident "Hydraslayer" {holy, rElec Will-
                  | MP+9}
  8723 | D:7      | Found a glowing golden altar of the Shining One.
  8745 | D:7      | Reached skill level 1 in Polearms
  8754 | D:7      | Identified the +2 leather armour "Gaffeob" {rCorr Int-4
                  | Dex+4}
  8858 | D:7      | Noticed a two-headed ogre
  8867 | D:7      | Mangled by a two-headed ogre

Illustrated notes

Levels and vault maps discovered:
D:1:      ebering_hopf_link, layout_basic, nicolae_wormholes
D:2:      layout_basic, shapermc_ecumenical_altar_ellora, minmay_hedge_maze,
          minmay_domino_2
D:3:      layout_loops_corners, trog_butcher_becter, slow_altar_1,
          nicolae_elevator_lobby_asterisk
D:4:      layout_rooms, nicolae_wu_jian_glorious_leap, saegor_snake_ambush,
          uniq_robin
D:5:      minmay_angry_zag, layout_layer_cave, okawaru_ov_weapons_minmay,
          grunt_temple_overflow_diamond, pf_just_have_faith,
          ebering_ghost_rock_garden
D:6:      layout_loops_corners, grunt_gozag_statues, ebering_ghost_xom,
          uniq_prince_ribbit1, uniq_pikel
D:7:      layout_loops_corners, mainiacjoe_overflow_boulevard, enter_bailey_6

Skill      XL: |  1  2  3  4  5  6  7  8  9 |
---------------+----------------------------+-----
Maces & Flails | 3 4 5 6 7 9 |  9.0
Fighting       | 6 |  6.0
Armour         | 6 |  6.0
Shields        | 4 |  4.0
Invocations    | 1 6 |  6.0
Polearms       | 2 |  2.4

Action                   |  1- 3 |  4- 6 |  7- 9 || total
-------------------------+-------+-------+-------++-------
Melee: Flail             |    86 |   227 |    45 ||   358
       Whip              |       |       |   296 ||   296
       Trident           |       |       |     1 ||     1
Throw: Dart              |       |       |     8 ||     8
       Boomerang         |       |       |     6 ||     6
Evoke: Wand              |       |       |     3 ||     3
  Use: Scroll            |     4 |     9 |     4 ||    17
       Potion            |       |     3 |       ||     3
Armor: Scale mail        |    53 |   158 |   134 ||   345
Dodge: Dodged            |    41 |   121 |    87 ||   249
Block: Buckler           |    12 |    50 |    48 ||   110
